2631 views
Uploaded 2021-08-19 00:13:34
Game version 1.32.10
18:34 long 4on4 ladder game on (8)Battleground_LV
Saved by GlaiVe
2631 views
Uploaded 2021-08-19 00:13:34
Game version 1.32.10
18:34 long 4on4 ladder game on (8)Battleground_LV


143 units @ 19.6k
/ 2k
61 buildings @ 7.9k
/ 3.2k


| Peon | 7 | 525 | / | 0 |
| Grunt | 6 | 1200 | / | 0 |
| Troll Headhunter | 4 | 560 | / | 80 |
| Shaman | 1 | 130 | / | 20 |
| total: | 18 | 2415g | / | 100w |
| Altar of Storms | 1 | 180 | / | 50 |
| Orc Burrow | 4 | 640 | / | 160 |
| Barracks | 2 | 360 | / | 100 |
| War Mill | 1 | 205 | / | 0 |
| Voodoo Lounge | 1 | 130 | / | 30 |
| Spirit Lodge | 1 | 150 | / | 150 |
| Stronghold | 1 | 315 | / | 190 |
| Fortress | 1 | 325 | / | 190 |
| total: | 10 | 1665g | / | 490w |
| 0:03 | Peon |
| 0:03 | Peon |
| 0:19 | Altar of Storms |
| 0:23 | Orc Burrow |
| 0:28 | Barracks |
| 0:34 | Peon |
| 0:40 | Peon |
| 0:58 | Peon |
| 1:35 | Orc Burrow |
| 1:36 | Grunt |
| 1:43 | Peon |
| 2:19 | Feral Spirit |
| 2:37 | Grunt |
| 2:45 | War Mill |
| 3:05 | Grunt |
| 3:08 | Orc Burrow |
| 3:20 | Peon |
| 3:23 | Voodoo Lounge |
| 3:35 | Grunt |
| 3:56 | Chain Lighting |
| 4:01 | Stronghold |
| 4:21 | Steel Armor |
| 5:01 | Troll Headhunter |
| 5:02 | Troll Headhunter |
| 5:05 | Orc Burrow |
| 5:27 | Steel Ranged Weapons |
| 6:05 | Troll Headhunter |
| 6:23 | Grunt |
| 6:58 | Steel Melee Weapons |
| 7:00 | Berserker Strength |
| 7:05 | Spirit Lodge |
| 7:26 | Healing Wave |
| 7:39 | Thorium Armor |
| 7:48 | Feral Spirit |
| 8:19 | Grunt |
| 8:22 | Fortress |
| 8:48 | Shaman Adept Training |
| 8:50 | Barracks |
| 9:09 | Troll Headhunter |
| 9:15 | Shaman |
| Select | 89 |
| Right click | 85 |
| Build/train/purchase | 39 |
| Misc. action | 28 |
| Assign group | 19 |
| Chat | 14 |
| Select group | 6 |
| Use ability | 5 |


| Lesser Clarity Potion | 6 | 420 |
| Healing Salve | 1 | 100 |
| Orb of Lightning | 1 | 375 |
| Potion of Healing | 1 | 150 |
| Potion of Mana | 1 | 200 |
| Scroll of Town Portal | 1 | 350 |
| Scroll of Regeneration | 3 | 300 |
| total: | 14 | 1895g |
| Peon | 18 | 1350 | / | 0 |
| Troll Headhunter | 10 | 1400 | / | 200 |
| Grunt | 6 | 1200 | / | 0 |
| Shaman | 9 | 1170 | / | 180 |
| Troll Berserker | 14 | 1960 | / | 280 |
| Troll Witch Doctor | 2 | 290 | / | 50 |
| Rifleman | 3 | 615 | / | 90 |
| Dragonhawk Rider | 2 | 400 | / | 60 |
| Gryphon Rider | 3 | 840 | / | 210 |
| total: | 67 | 9225g | / | 1070w |
| Altar of Storms | 1 | 180 | / | 50 |
| Orc Burrow | 5 | 800 | / | 200 |
| War Mill | 1 | 205 | / | 0 |
| Barracks | 2 | 360 | / | 100 |
| Voodoo Lounge | 1 | 130 | / | 30 |
| Spirit Lodge | 1 | 150 | / | 150 |
| Tauren Totem | 1 | 135 | / | 155 |
| Stronghold | 2 | 630 | / | 380 |
| Fortress | 2 | 650 | / | 380 |
| Gryphon Aviary | 3 | 420 | / | 450 |
| total: | 15 | 2380g | / | 1135w |
| 0:01 | Peon |
| 0:01 | Peon |
| 0:17 | Altar of Storms |
| 0:31 | Peon |
| 0:33 | Orc Burrow |
| 0:36 | War Mill |
| 0:47 | Peon |
| 0:54 | Barracks |
| 1:02 | Peon |
| 1:02 | Peon |
| 1:12 | Peon |
| 1:28 | Peon |
| 1:39 | Peon |
| 1:48 | Orc Burrow |
| 1:55 | Peon |
| 2:00 | Troll Headhunter |
| 2:00 | Troll Headhunter |
| 2:13 | Voodoo Lounge |
| 2:25 | Feral Spirit |
| 2:29 | Troll Headhunter |
| 2:46 | Peon |
| 2:50 | Troll Headhunter |
| 3:17 | Stronghold |
| 3:52 | Troll Headhunter |
| 4:07 | Troll Headhunter |
| 4:15 | Orc Burrow |
| 4:37 | Troll Headhunter |
| 4:42 | Steel Ranged Weapons |
| 4:55 | Troll Headhunter |
| 5:06 | Chain Lighting |
| 5:24 | Troll Headhunter |
| 6:20 | Fortress |
| 6:27 | Spirit Lodge |
| 6:38 | Hex |
| 6:51 | Orc Burrow |
| 6:59 | Troll Regeneration |
| 7:57 | Feral Spirit |
| 8:05 | Shaman Adept Training |
| 8:06 | Orc Burrow |
| 8:33 | Thorium Ranged Weapons |
| 8:44 | Berserker Upgrade |
| 9:06 | Lesser Clarity Potion |
| 9:16 | Scroll of Regeneration |
| 9:20 | Shaman Master Training |
| 9:21 | Troll Headhunter |
| 9:28 | Lesser Clarity Potion |
| 9:45 | Grunt |
| 9:50 | Shaman |
| 10:02 | Shaman |
| 10:02 | Shaman |
| 10:02 | Troll Berserker |
| 10:15 | Healing Wave |
| 10:30 | Troll Berserker |
| 10:32 | Arcanite Ranged Weapons |
| 11:41 | Troll Berserker |
| 11:43 | Shaman |
| 11:43 | Shaman |
| 11:48 | Scroll of Town Portal |
| 11:49 | Healing Salve |
| 11:53 | Lesser Clarity Potion |
| 11:58 | Orb of Lightning |
| 12:07 | Rifleman |
| 12:07 | Rifleman |
| 12:07 | Rifleman |
| 12:17 | Peon |
| 12:17 | Peon |
| 12:17 | Peon |
| 12:17 | Peon |
| 12:18 | Peon |
| 12:30 | Troll Berserker |
| 12:30 | Troll Berserker |
| 13:06 | Grunt |
| 13:06 | Grunt |
| 13:06 | Grunt |
| 13:06 | Grunt |
| 13:06 | Grunt |
| 13:12 | Troll Berserker |
| 13:12 | Troll Berserker |
| 13:24 | Chain Lighting |
| 13:30 | Potion of Healing |
| 13:31 | Scroll of Regeneration |
| 14:13 | Troll Berserker |
| 14:13 | Troll Berserker |
| 14:14 | Witch Doctor Adept Training |
| 14:24 | Lesser Clarity Potion |
| 14:40 | Gryphon Aviary |
| 14:41 | Gryphon Aviary |
| 14:46 | Peon |
| 14:47 | Peon |
| 15:03 | Scroll of Regeneration |
| 15:17 | Tauren Totem |
| 15:44 | Potion of Mana |
| 15:46 | Healing Wave |
| 16:03 | Dragonhawk Rider |
| 16:03 | Dragonhawk Rider |
| 16:12 | Troll Berserker |
| 16:12 | Troll Berserker |
| 16:17 | Gryphon Aviary |
| 16:20 | Troll Berserker |
| 16:22 | Shaman |
| 16:22 | Shaman |
| 16:23 | Witch Doctor Master Training |
| 16:52 | Lesser Clarity Potion |
| 16:54 | Lesser Clarity Potion |
| 17:09 | Barracks |
| 17:11 | Troll Berserker |
| 17:12 | Troll Berserker |
| 17:23 | Gryphon Rider |
| 17:23 | Gryphon Rider |
| 17:23 | Gryphon Rider |
| 17:37 | Shaman |
| 17:37 | Shaman |
| 17:37 | Troll Witch Doctor |
| 17:37 | Troll Witch Doctor |
| Right click | 1651 |
| Select group | 1026 |
| Select | 965 |
| Misc. action | 339 |
| Build/train/purchase | 190 |
| Assign group | 171 |
| Chat | 66 |
| Use ability | 39 |
| Remove unit | 13 |
| Minimap ping | 2 |
| Item give/drop | 1 |


| Orb of Lightning | 2 | 750 |
| Potion of Healing | 2 | 300 |
| Scroll of Town Portal | 1 | 350 |
| total: | 5 | 1400g |
| Peon | 11 | 825 | / | 0 |
| Troll Headhunter | 19 | 2660 | / | 380 |
| Grunt | 1 | 200 | / | 0 |
| Wind Rider | 2 | 530 | / | 80 |
| Rifleman | 4 | 820 | / | 120 |
| total: | 37 | 5035g | / | 580w |
| Watch Tower | 4 | 440 | / | 320 |
| Orc Burrow | 4 | 640 | / | 160 |
| Altar of Storms | 1 | 180 | / | 50 |
| Barracks | 1 | 180 | / | 50 |
| War Mill | 1 | 205 | / | 0 |
| Great Hall | 1 | 385 | / | 185 |
| Voodoo Lounge | 1 | 130 | / | 30 |
| Beastiary | 1 | 145 | / | 140 |
| Stronghold | 1 | 315 | / | 190 |
| Fortress | 1 | 325 | / | 190 |
| Workshop | 1 | 140 | / | 140 |
| Castle | 1 | 360 | / | 210 |
| total: | 15 | 2445g | / | 1075w |
| 0:03 | Peon |
| 0:03 | Peon |
| 0:09 | Orc Burrow |
| 0:27 | Altar of Storms |
| 0:39 | Barracks |
| 0:44 | Peon |
| 1:06 | Peon |
| 1:26 | War Mill |
| 1:41 | Orc Burrow |
| 1:46 | Peon |
| 1:58 | Peon |
| 2:23 | Peon |
| 2:43 | Troll Headhunter |
| 2:47 | Peon |
| 3:01 | Feral Spirit |
| 3:10 | Troll Headhunter |
| 3:32 | Troll Headhunter |
| 4:13 | Troll Headhunter |
| 4:59 | Troll Headhunter |
| 4:59 | Troll Headhunter |
| 5:03 | Peon |
| 5:07 | Far Sight |
| 5:26 | Great Hall |
| 5:38 | Watch Tower |
| 6:14 | Troll Headhunter |
| 6:14 | Troll Headhunter |
| 6:14 | Troll Headhunter |
| 6:40 | Troll Headhunter |
| 6:43 | Pillage |
| 6:46 | Troll Headhunter |
| 6:50 | Orc Burrow |
| 6:55 | Steel Ranged Weapons |
| 7:56 | Troll Headhunter |
| 7:57 | Troll Headhunter |
| 8:23 | Peon |
| 8:36 | Watch Tower |
| 8:37 | Watch Tower |
| 10:07 | Watch Tower |
| 10:19 | Peon |
| 10:37 | Stronghold |
| 11:30 | Troll Headhunter |
| 11:30 | Troll Headhunter |
| 11:41 | Orb of Lightning |
| 11:42 | Potion of Healing |
| 12:15 | Hex |
| 12:17 | Feral Spirit |
| 13:12 | Far Sight |
| 13:37 | Berserker Upgrade |
| 13:56 | Fortress |
| 14:00 | Beastiary |
| 14:02 | Troll Regeneration |
| 14:15 | Castle |
| 14:18 | Long Rifles |
| 14:26 | Rifleman |
| 14:26 | Rifleman |
| 14:32 | Improved Lumber Harvesting |
| 14:41 | Workshop |
| 14:51 | Thorium Ranged Weapons |
| 14:52 | Steel Armor |
| 15:07 | Grunt |
| 15:11 | Wind Rider |
| 15:11 | Wind Rider |
| 15:14 | Orc Burrow |
| 15:22 | Voodoo Lounge |
| 15:33 | Troll Headhunter |
| 15:33 | Troll Headhunter |
| 15:39 | Rifleman |
| 15:39 | Rifleman |
| 15:44 | Holy Light |
| 15:45 | Black Gunpowder |
| 15:46 | Studded Leather Armor |
| 16:13 | Troll Headhunter |
| 16:14 | Troll Headhunter |
| 16:25 | Healing Wave |
| 17:09 | Envenomed Spears |
| 17:18 | Orb of Lightning |
| 17:18 | Potion of Healing |
| 17:19 | Scroll of Town Portal |
| 17:32 | Reinforced Defenses |
| 17:33 | Arcanite Ranged Weapons |
| 17:33 | Thorium Armor |
| 18:33 | Pulverize |
| Right click | 231 |
| Select | 205 |
| Misc. action | 119 |
| Select group | 105 |
| Build/train/purchase | 97 |
| Chat | 19 |
| Use ability | 17 |
| Assign group | 7 |
| Minimap ping | 2 |

| Lesser Clarity Potion | 1 | 70 |
| Scroll of Regeneration | 1 | 100 |
| total: | 2 | 170g |
| Peasant | 11 | 825 | / | 0 |
| Rifleman | 10 | 2050 | / | 300 |
| total: | 21 | 2875g | / | 300w |
| Scout Tower | 12 | 360 | / | 240 |
| Guard Tower | 22 | 1540 | / | 1100 |
| Arcane Tower | 2 | 140 | / | 100 |
| Altar of Kings | 1 | 180 | / | 50 |
| Farm | 4 | 320 | / | 80 |
| Lumber Mill | 1 | 120 | / | 0 |
| Blacksmith | 1 | 140 | / | 60 |
| Barracks | 1 | 160 | / | 60 |
| Arcane Vault | 1 | 130 | / | 30 |
| Keep | 2 | 640 | / | 420 |
| total: | 21 | 1410g | / | 520w |
| 0:04 | Peasant |
| 0:04 | Peasant |
| 0:14 | Altar of Kings |
| 0:19 | Farm |
| 0:23 | Lumber Mill |
| 0:27 | Peasant |
| 0:27 | Peasant |
| 0:45 | Peasant |
| 1:11 | Peasant |
| 1:21 | Blacksmith |
| 1:24 | Peasant |
| 1:43 | Barracks |
| 1:49 | Farm |
| 2:05 | Peasant |
| 2:05 | Peasant |
| 2:47 | Farm |
| 2:51 | Rifleman |
| 2:51 | Rifleman |
| 2:55 | Peasant |
| 2:56 | Peasant |
| 3:02 | Thunder Clap |
| 3:41 | Scout Tower |
| 3:42 | Rifleman |
| 3:43 | Rifleman |
| 3:43 | Rifleman |
| 4:14 | Farm |
| 4:15 | Guard Tower |
| 4:17 | Scout Tower |
| 4:47 | Rifleman |
| 5:43 | Scout Tower |
| 5:47 | Scout Tower |
| 6:10 | Rifleman |
| 6:13 | Guard Tower |
| 6:17 | Scout Tower |
| 6:20 | Guard Tower |
| 6:39 | Guard Tower |
| 6:52 | Guard Tower |
| 6:54 | Scout Tower |
| 7:00 | Arcane Vault |
| 7:24 | Guard Tower |
| 7:27 | Scout Tower |
| 7:34 | Bash |
| 7:34 | Bash |
| 7:55 | Guard Tower |
| 7:58 | Scout Tower |
| 8:09 | Lesser Clarity Potion |
| 8:10 | Scroll of Regeneration |
| 8:35 | Guard Tower |
| 8:41 | Scout Tower |
| 8:45 | Rifleman |
| 8:45 | Rifleman |
| 8:45 | Rifleman |
| 9:12 | Guard Tower |
| 9:14 | Scout Tower |
| 9:21 | Black Gunpowder |
| 9:22 | Refined Gunpowder |
| 9:22 | Studded Leather Armor |
| 9:26 | Scout Tower |
| 9:45 | Guard Tower |
| 10:02 | Scout Tower |
| 10:08 | Arcane Tower |
| 10:17 | Keep |
| 10:32 | Improved Masonry |
| 10:32 | Improved Lumber Harvesting |
| 10:32 | Advanced Masonry |
| Right click | 214 |
| Select | 176 |
| Build/train/purchase | 85 |
| Chat | 8 |
| Misc. action | 6 |
| Use ability | 4 |
| Minimap ping | 1 |
109 units @ 16.8k
/ 2.2k
49 buildings @ 8.1k
/ 2.6k


| Rod of Necromancy | 2 | 300 |
| Potion of Healing | 3 | 450 |
| Scroll of Town Portal | 3 | 1050 |
| total: | 8 | 1800g |
| Acolyte | 2 | 150 | / | 0 |
| Ghoul | 19 | 2280 | / | 0 |
| Crypt Fiend | 5 | 1075 | / | 200 |
| Necromancer | 7 | 1015 | / | 140 |
| total: | 33 | 4520g | / | 340w |
| Crypt | 1 | 200 | / | 50 |
| Altar of Darkness | 1 | 180 | / | 50 |
| Ziggurat | 4 | 600 | / | 200 |
| Tomb of Relics | 1 | 130 | / | 30 |
| Graveyard | 1 | 215 | / | 0 |
| Temple of the Damned | 1 | 155 | / | 140 |
| Halls of the Dead | 1 | 320 | / | 210 |
| Black Citadel | 1 | 325 | / | 230 |
| total: | 9 | 1480g | / | 470w |
| 0:25 | Acolyte |
| 0:36 | Acolyte |
| 0:42 | Crypt |
| 0:45 | Altar of Darkness |
| 0:55 | Ziggurat |
| 1:22 | Tomb of Relics |
| 1:43 | Ghoul |
| 1:45 | Ghoul |
| 2:08 | Ghoul |
| 2:41 | Ziggurat |
| 2:47 | Death Coil |
| 2:52 | Rod of Necromancy |
| 2:58 | Ghoul |
| 3:48 | Halls of the Dead |
| 3:52 | Graveyard |
| 4:07 | Ziggurat |
| 5:27 | Crypt Fiend |
| 6:11 | Temple of the Damned |
| 6:15 | Ghoul |
| 6:15 | Ghoul |
| 6:43 | Unholy Aura |
| 6:57 | Potion of Healing |
| 6:58 | Scroll of Town Portal |
| 7:48 | Potion of Healing |
| 8:03 | Rod of Necromancy |
| 8:17 | Death Coil |
| 8:56 | Necromancer Adept Training |
| 9:00 | Ghoul |
| 9:01 | Ghoul |
| 9:36 | Necromancer |
| 9:55 | Crypt Fiend |
| 9:59 | Ghoul |
| 9:59 | Ghoul |
| 10:05 | Necromancer |
| 10:48 | Scroll of Town Portal |
| 10:49 | Potion of Healing |
| 11:06 | Ghoul |
| 11:06 | Ghoul |
| 11:50 | Crypt Fiend |
| 11:51 | Skeletal Mastery |
| 11:52 | Necromancer |
| 12:01 | Ghoul |
| 12:02 | Ghoul |
| 12:02 | Ghoul |
| 13:07 | Vampiric Aura |
| 13:12 | Scroll of Town Portal |
| 13:14 | Ghoul |
| 13:44 | Black Citadel |
| 14:18 | Necromancer |
| 14:24 | Ghoul |
| 14:55 | Necromancer |
| 14:56 | Crypt Fiend |
| 16:19 | Necromancer Master Training |
| 16:19 | Necromancer |
| 16:19 | Necromancer |
| 16:23 | Unholy Aura |
| 16:56 | Sleep |
| 17:07 | Crypt Fiend |
| 17:11 | Ziggurat |
| 17:23 | Ghoul |
| 17:23 | Ghoul |
| Right click | 282 |
| Select | 174 |
| Select group | 86 |
| Build/train/purchase | 75 |
| Misc. action | 50 |
| Use ability | 22 |
| Assign group | 17 |
| Resource trade | 11 |
| Esc | 2 |


| Healing Salve | 6 | 600 |
| Lesser Clarity Potion | 7 | 490 |
| Orb of Lightning | 1 | 375 |
| Potion of Healing | 1 | 150 |
| Potion of Mana | 1 | 200 |
| Scroll of Speed | 1 | 50 |
| Circlet of Nobility | 1 | 175 |
| Boots of Speed | 1 | 250 |
| total: | 19 | 2290g |
| Peon | 7 | 525 | / | 0 |
| Raider | 5 | 900 | / | 200 |
| Spirit Walker | 5 | 975 | / | 175 |
| Kodo Beast | 2 | 510 | / | 120 |
| Tauren | 2 | 560 | / | 160 |
| total: | 21 | 3470g | / | 655w |
| Altar of Storms | 1 | 180 | / | 50 |
| Orc Burrow | 4 | 640 | / | 160 |
| Voodoo Lounge | 1 | 130 | / | 30 |
| War Mill | 1 | 205 | / | 0 |
| Beastiary | 1 | 145 | / | 140 |
| Tauren Totem | 1 | 135 | / | 155 |
| Stronghold | 2 | 630 | / | 380 |
| Fortress | 1 | 325 | / | 190 |
| total: | 9 | 1435g | / | 535w |
| 0:03 | Peon |
| 0:03 | Peon |
| 0:07 | Altar of Storms |
| 0:19 | Orc Burrow |
| 0:22 | Peon |
| 0:34 | Voodoo Lounge |
| 0:39 | Peon |
| 1:01 | Peon |
| 1:16 | Peon |
| 1:27 | Peon |
| 1:54 | Stronghold |
| 2:05 | Healing Salve |
| 2:07 | Wind Walk |
| 2:24 | Circlet of Nobility |
| 2:47 | War Mill |
| 3:40 | Orc Burrow |
| 4:21 | Critical Strike |
| 4:24 | Fortress |
| 4:25 | Reinforced Defenses |
| 4:27 | Beastiary |
| 4:30 | Tauren Totem |
| 4:48 | Orc Burrow |
| 5:17 | Lesser Clarity Potion |
| 5:23 | Lesser Clarity Potion |
| 5:34 | Ensnare |
| 5:36 | Raider |
| 6:22 | Spirit Walker Adept Training |
| 6:27 | Boots of Speed |
| 6:39 | Spirit Walker Master Training |
| 7:02 | Raider |
| 7:21 | Healing Salve |
| 7:22 | Lesser Clarity Potion |
| 7:37 | Hex |
| 7:59 | Orb of Lightning |
| 8:35 | Spirit Walker |
| 8:57 | Wind Walk |
| 9:36 | Kodo Beast |
| 9:37 | Spirit Walker |
| 10:20 | Raider |
| 10:23 | Raider |
| 10:27 | Orc Burrow |
| 10:32 | Healing Salve |
| 10:43 | Lesser Clarity Potion |
| 10:44 | Healing Salve |
| 11:06 | Steel Armor |
| 11:07 | Pillage |
| 12:06 | Healing Wave |
| 13:01 | Raider |
| 13:03 | Tauren |
| 13:07 | Lesser Clarity Potion |
| 13:08 | Healing Salve |
| 13:11 | Potion of Healing |
| 13:13 | Potion of Mana |
| 13:20 | Kodo Beast |
| 14:09 | Spirit Walker |
| 14:20 | Critical Strike |
| 14:26 | Spirit Walker |
| 14:26 | Spirit Walker |
| 14:43 | Lesser Clarity Potion |
| 14:44 | Healing Salve |
| 15:17 | Lesser Clarity Potion |
| 15:20 | Scroll of Speed |
| 16:11 | Healing Wave |
| 16:25 | Tauren |
| 16:26 | Pulverize |
| 17:03 | Thorium Armor |
| Right click | 1096 |
| Select | 336 |
| Select group | 273 |
| Build/train/purchase | 110 |
| Use ability | 64 |
| Assign group | 47 |
| Resource trade | 16 |
| Misc. action | 15 |
| Item give/drop | 7 |
| Remove unit | 2 |
| Minimap ping | 2 |
| Esc | 1 |

| Rod of Necromancy | 3 | 450 |
| Potion of Healing | 4 | 600 |
| Potion of Mana | 5 | 1000 |
| Dust of Appearance | 1 | 75 |
| total: | 13 | 2125g |
| Acolyte | 6 | 450 | / | 0 |
| Ghoul | 4 | 480 | / | 0 |
| Crypt Fiend | 13 | 2795 | / | 520 |
| Meat Wagon | 2 | 460 | / | 100 |
| Obsidian Statue | 3 | 600 | / | 105 |
| total: | 28 | 4785g | / | 725w |
| Nerubian Tower | 3 | 300 | / | 60 |
| Spirit Tower | 3 | 435 | / | 120 |
| Crypt | 6 | 1200 | / | 300 |
| Ziggurat | 4 | 600 | / | 200 |
| Altar of Darkness | 1 | 180 | / | 50 |
| Graveyard | 2 | 430 | / | 0 |
| Tomb of Relics | 2 | 260 | / | 60 |
| Slaughterhouse | 2 | 280 | / | 270 |
| Halls of the Dead | 1 | 320 | / | 210 |
| total: | 17 | 2950g | / | 880w |
| 0:03 | Acolyte |
| 0:03 | Acolyte |
| 0:09 | Crypt |
| 0:11 | Ziggurat |
| 0:35 | Altar of Darkness |
| 0:57 | Graveyard |
| 1:13 | Ghoul |
| 1:25 | Tomb of Relics |
| 1:39 | Ghoul |
| 1:53 | Ziggurat |
| 2:21 | Crypt Fiend |
| 2:35 | Frost Nova |
| 2:36 | Rod of Necromancy |
| 2:47 | Dust of Appearance |
| 2:58 | Crypt Fiend |
| 3:09 | Nerubian Tower |
| 3:34 | Crypt Fiend |
| 3:45 | Frost Armor |
| 4:01 | Halls of the Dead |
| 4:34 | Spirit Tower |
| 5:03 | Crypt Fiend |
| 5:26 | Crypt Fiend |
| 5:29 | Tomb of Relics |
| 5:54 | Crypt Fiend |
| 6:19 | Crypt Fiend |
| 7:22 | Graveyard |
| 7:55 | Ghoul |
| 7:55 | Ghoul |
| 8:02 | Frost Nova |
| 8:42 | Potion of Healing |
| 8:45 | Potion of Mana |
| 8:50 | Potion of Mana |
| 8:52 | Crypt Fiend |
| 8:53 | Crypt Fiend |
| 8:59 | Potion of Healing |
| 9:19 | Crypt |
| 9:50 | Potion of Healing |
| 9:55 | Crypt |
| 10:04 | Acolyte |
| 10:19 | Acolyte |
| 10:28 | Rod of Necromancy |
| 11:01 | Potion of Mana |
| 11:03 | Frost Armor |
| 11:26 | Crypt |
| 11:45 | Ziggurat |
| 12:02 | Slaughterhouse |
| 12:35 | Crypt Fiend |
| 12:53 | Potion of Mana |
| 13:20 | Meat Wagon |
| 13:20 | Meat Wagon |
| 13:21 | Crypt Fiend |
| 13:37 | Spirit Tower |
| 14:16 | Acolyte |
| 14:18 | Potion of Healing |
| 14:33 | Frost Nova |
| 14:43 | Acolyte |
| 14:53 | Ziggurat |
| 15:02 | Potion of Mana |
| 15:34 | Rod of Necromancy |
| 15:48 | Nerubian Tower |
| 16:03 | Slaughterhouse |
| 16:15 | Crypt |
| 16:44 | Crypt |
| 16:51 | Creature Attack |
| 16:51 | Improved Creature Attack |
| 17:15 | Obsidian Statue |
| 17:28 | Crypt Fiend |
| 17:30 | Obsidian Statue |
| 17:48 | Crypt Fiend |
| 17:57 | Web |
| 18:10 | Obsidian Statue |
| Select group | 1548 |
| Right click | 939 |
| Select | 421 |
| Misc. action | 130 |
| Build/train/purchase | 109 |
| Use ability | 52 |
| Assign group | 27 |
| Esc | 1 |
| Minimap ping | 1 |


| Rod of Necromancy | 2 | 300 |
| Ritual Dagger | 1 | 125 |
| Potion of Healing | 1 | 150 |
| Scroll of Town Portal | 1 | 350 |
| total: | 5 | 925g |
| Acolyte | 8 | 600 | / | 0 |
| Ghoul | 7 | 840 | / | 0 |
| Crypt Fiend | 11 | 2365 | / | 440 |
| Obsidian Statue | 1 | 200 | / | 35 |
| total: | 27 | 4005g | / | 475w |
| Ziggurat | 8 | 1200 | / | 400 |
| Graveyard | 1 | 215 | / | 0 |
| Crypt | 2 | 400 | / | 100 |
| Altar of Darkness | 1 | 180 | / | 50 |
| Tomb of Relics | 1 | 130 | / | 30 |
| Slaughterhouse | 1 | 140 | / | 135 |
| Halls of the Dead | 1 | 320 | / | 210 |
| Black Citadel | 1 | 325 | / | 230 |
| total: | 14 | 2265g | / | 715w |
| 0:06 | Acolyte |
| 0:06 | Acolyte |
| 0:07 | Acolyte |
| 0:55 | Ziggurat |
| 0:59 | Ziggurat |
| 1:07 | Graveyard |
| 1:13 | Crypt |
| 1:20 | Crypt |
| 1:39 | Altar of Darkness |
| 1:57 | Tomb of Relics |
| 2:20 | Ghoul |
| 2:24 | Ghoul |
| 2:38 | Ghoul |
| 2:49 | Ghoul |
| 3:24 | Crypt Fiend |
| 3:45 | Ziggurat |
| 3:54 | Death Coil |
| 3:58 | Rod of Necromancy |
| 4:46 | Crypt Fiend |
| 5:04 | Unholy Aura |
| 5:58 | Crypt Fiend |
| 5:58 | Crypt Fiend |
| 6:46 | Halls of the Dead |
| 7:06 | Ritual Dagger |
| 7:26 | Crypt Fiend |
| 7:48 | Death Coil |
| 8:19 | Ghoul |
| 8:19 | Ghoul |
| 9:17 | Crypt Fiend |
| 9:22 | Creature Attack |
| 10:00 | Crypt Fiend |
| 11:06 | Ziggurat |
| 11:09 | Slaughterhouse |
| 11:45 | Frost Nova |
| 12:35 | Potion of Healing |
| 12:36 | Rod of Necromancy |
| 13:18 | Scroll of Town Portal |
| 13:32 | Crypt Fiend |
| 13:35 | Obsidian Statue |
| 14:25 | Acolyte |
| 14:25 | Acolyte |
| 14:26 | Acolyte |
| 14:26 | Acolyte |
| 14:26 | Acolyte |
| 14:50 | Crypt Fiend |
| 15:16 | Crypt Fiend |
| 15:51 | Unholy Aura |
| 16:54 | Ghoul |
| 16:57 | Black Citadel |
| 17:01 | Improved Creature Attack |
| 17:02 | Creature Carapace |
| 18:14 | Web |
| 18:16 | Crypt Fiend |
| 18:28 | Ziggurat |
| 18:29 | Ziggurat |
| 18:29 | Ziggurat |
| 18:30 | Ziggurat |
| Right click | 546 |
| Select | 223 |
| Select group | 208 |
| Build/train/purchase | 66 |
| Assign group | 26 |
| Use ability | 25 |
| Minimap ping | 10 |
| Resource trade | 5 |
⇛